 Dungeon Crawl Stone Soup version 0.19-a0-1899-g2d93087 (webtiles) character file.

31489 PurpleRed the Severer (level 13, -12/123 HPs)
             Began as a Minotaur Fighter on Oct 20, 2016.
             Was the Champion of Makhleb.
             Mangled by Snorg (23 damage)
             ... on level 14 of the Dungeon.
             The game lasted 00:21:18 (11010 turns).

PurpleRed the Severer (Minotaur Fighter)           Turns: 11010, Time: 00:21:18

Health: -12/123    AC: 24    Str: 31    XL:     13   Next: 26%
Magic:  0/12       EV:  8    Int:  5    God:    Makhleb [******]
Gold:   296        SH:  4    Dex:  9    Spells: 0 memorised, 12 levels left

rFire  + + .     SeeInvis .     P - +4 war axe
rCold  . . .     Gourm    .     b - +1 plate armour
rNeg   . . .     Faith    .     D - +0 buckler of Gravity {rF+ Regen+}
rPois  +         Spirit   +     y - +1 hat {Spirit}
rElec  .         Reflect  .     (no cloak)
rCorr  +         Harm     .     G - +2 pair of gloves
MR     .....                    e - +1 pair of boots "Zusea" {rPois rF+ rCorr}
Stlth  ..........               (no amulet)
                                u - ring of poison resistance
                                t - +4 ring of strength

@: about to teleport, very slightly contaminated
A: retaliatory headbutt, horns 2
a: Minor Destruction, Lesser Servant of Makhleb, Major Destruction, Greater
Servant of Makhleb, Renounce Religion


You were on level 14 of the Dungeon.
You worshipped Makhleb.
Makhleb was exalted by your worship.
You were not hungry.

You visited 1 branch of the dungeon, and saw 14 of its levels.
You also visited: Bailey.

You collected 782 gold pieces.
You spent 486 gold pieces at shops.

Inventory:

Hand Weapons
 B - a +0 war axe of venom
 O - a +1 broad axe
 P - a +4 war axe (weapon)
Missiles
 E - 4 throwing nets (quivered)
Armour
 b - a +1 plate armour (worn)
 e - the +1 pair of boots "Zusea" (worn) {rPois rF+ rCorr}
   (You found it on level 7 of the Dungeon)

   It protects you from fire.
   It protects you from poison.
   It protects you from acid and corrosion.
 n - a +2 scale mail of magic resistance
 y - a +1 hat of spirit shield (worn)
 D - the +0 buckler of Gravity (worn) {rF+ Regen+}
   (You acquired it on level 8 of the Dungeon)

   It protects you from fire.
   It increases your rate of regeneration.
 G - a +2 pair of gloves (worn)
Jewellery
 l - an uncursed ring of wizardry
 t - a +4 ring of strength (left hand)
 u - a ring of poison resistance (right hand)
Wands
 a - a wand of iceblast (0/15)
Scrolls
 m - 5 scrolls of identify
 q - 3 scrolls of amnesia
 r - 2 scrolls of magic mapping
 s - 3 scrolls of enchant weapon
 x - a scroll of enchant armour
 C - 3 scrolls of teleportation
 F - 4 scrolls of remove curse
Potions
 g - 2 potions of flight
 h - 5 potions of curing
 k - 4 potions of magic
 o - 2 potions of brilliance
 p - 2 potions of lignification
 v - a potion of agility
 z - 2 potions of invisibility
 A - 5 potions of cure mutation
 K - a potion of cancellation {unknown}
 M - 2 potions of ambrosia {unknown}
Books
 c - a book of Conjurations

   Spells                             Type                      Level
   a - Magic Dart                     Conjuration                  1
   b - Searing Ray                    Conjuration                  2
   c - Dazzling Spray                 Conjuration/Hexes            3
   d - Fulminant Prism                Conjuration/Hexes            4
   e - Iskenderun's Mystic Blast      Conjuration                  4
   f - Iskenderun's Battlesphere      Conjuration/Charms           5
 H - a book of Maledictions

   Spells                             Type                      Level
   a - Corona                         Hexes                        1
   b - Ensorcelled Hibernation        Hexes/Ice                    2
   c - Confuse                        Hexes                        3
   d - Tukima's Dance                 Hexes                        3
   e - Dazzling Spray                 Conjuration/Hexes            3
 J - a Young Poisoner's Handbook

   Spells                             Type                      Level
   a - Sting                          Conjuration/Poison           1
   b - Mephitic Cloud                 Conjuration/Poison/Air       3
   c - Olgreb's Toxic Radiance        Poison                       4
   d - Alistair's Intoxication        Transmutation/Poison         5
   e - Venom Bolt                     Conjuration/Poison           5
Comestibles
 f - 11 bread rations
 i - 2 meat rations
 j - 4 slices of pizza
 w - 7 royal jellies
 Q - a beef jerky


   Skills:
 + Level 13.9 Fighting
 * Level 18.3 Axes
 + Level 13.0 Armour
 - Level 3.6 Shields


You had 12 spell levels left.
You didn't know any spells.

Dungeon Overview and Level Annotations

Branches:
Dungeon (14/15)            Temple (0/1) D:6            Lair (0/6) D:9
    Orc (0/2) D:10         Vaults (0/5) D:14

Altars:
Dithmenos
Makhleb
Okawaru
Qazlal
Sif Muna
Trog
Uskayaw
Xom
Yredelemnul
The Shining One

Shops:
D:4 *   D:9 ?**:   D:13 :

Annotations:
D:14 Agnes, Snorg


Innate Abilities, Weirdness & Mutations

You reflexively headbutt those who attack you in melee.
You have a pair of horns on your head.


Message History

* * * LOW HITPOINT WARNING * * *
Agnes hits you with a lajatang of speed!
* * * LOW HITPOINT WARNING * * *
You feel much better.
Agnes mutters, "I could really go for a good breadfruit right now."
Agnes completely misses you. You furiously retaliate!
You headbutt Agnes! Agnes barely misses you. Snorg completely misses you.
You furiously retaliate!
You headbutt Snorg! Snorg claws you but does no damage. Snorg claws you.
As you read the scroll of teleportation, it crumbles to dust.
You feel strangely unstable.
Agnes hits you with a lajatang of speed!
* * * LOW HITPOINT WARNING * * *
Agnes hits you with a lajatang of speed.
* * * LOW HITPOINT WARNING * * *
Snorg bites you but does no damage. You block Snorg's attack.
Snorg completely misses you.
Agnes hits you with a lajatang of speed!
* * * LOW HITPOINT WARNING * * *
Snorg bites you!!
You die...

#..).#...........#
#....#...>..†....#
####'##.........#
##..(##....(##T.#
#....##.....# ...
#...........# .
#.....(.....+
##.Ti##'#####
##..@##....###..##...
#.....#.....#........
#.....#.....#........
####...##....##........
#..#...##....##...##...
#......#..........##...
#......#...............
#......#...............
#......##....##...##...


You could see Agnes and Snorg (berserk).

Vanquished Creatures
  Fannar (D:10)
  4 vault guards (D:14)
  A centaur warrior (D:14)
  A death knight (D:12)
  Nergalle (D:10)
  Urug (D:11)
  The ghost of JaminCrawler the Cleaver, a novice MiBe of Trog (Bailey)
  A fire crab (shapeshifter) (D:13)
  3 phantasmal warriors (D:12)
  An orc knight (Bailey)
  2 deep elf magi
  4 hill giants
  2 ugly things
  A cyclops (D:11)
  2 centaur zombies
  Joseph (D:7)
  3 trolls
  A queen bee (D:9)
  3 slime creatures (D:12)
  Prince Ribbit (D:6)
  2 hippogriffs (D:11)
  A spriggan (D:7)
  A wyvern (D:14)
  3 wraiths
  22 yaks
  A steam dragon (D:11)
  7 vampire mosquitoes
  A mottled dragon (D:13)
  2 hungry ghosts
  Edmund (D:6)
  A soldier ant (D:10)
  Duvessa (D:7)
  4 water moccasins
  16 orc warriors
  A sky beast (D:9)
  6 ice beasts
  A phantom (D:11)
  6 ogres
  15 centaurs
  A crocodile (D:12)
  A big kobold (D:9)
  A wyvern zombie (D:10)
  9 bullfrogs
  2 wyvern skeletons
  3 scorpions
  A water moccasin skeleton (D:7)
  Dowan (D:7)
  29 killer bees
  16 wights
  A howler monkey (D:7)
  2 bullfrog zombies (D:11)
  A quasit (D:13)
  5 crimson imps
  4 jellies
  9 hounds
  12 orc priests
  15 orc wizards
  3 centaur skeletons
  11 worker ants
  7 iguanas
  A hound skeleton (D:6)
  Robin (D:3)
  4 worker ant zombies
  A howler monkey skeleton (D:11)
  11 adders
  13 gnolls (Bailey)
  A shadow imp (D:14)
  2 adder zombies
  2 adder skeletons (D:6)
  A worm (D:2)
  3 leopard geckos
  57 orcs
  A ball python (D:2)
  13 bats
  5 giant cockroaches
  24 hobgoblins
  21 jackals
  4 quokkas
  9 frilled lizards
  21 goblins
  A jackal zombie (D:7)
  18 kobolds
  A quokka zombie (D:5)
  4 rats
  A spectral orc (D:8)
481 creatures vanquished.

Vanquished Creatures (others)
  A jackal (D:11)
1 creature vanquished.

Grand Total: 482 creatures vanquished

Notes
Turn   | Place    | Note
-------+----------+-------------------------------------------
     0 | D:1      | PurpleRed the Minotaur Fighter began the quest for the Orb.
     0 | D:1      | Reached XP level 1. HP: 19/19 MP: 0/0
    55 | D:1      | Reached XP level 2. HP: 25/27 MP: 1/1
    90 | D:1      | Reached skill level 3 in Axes
   790 | D:2      | Reached XP level 3. HP: 33/33 MP: 2/2
   885 | D:2      | Found a faded altar of an unknown god.
  1036 | D:2      | Reached skill level 4 in Axes
  1565 | D:3      | Noticed Robin
  1570 | D:3      | Reached XP level 4. HP: 38/41 MP: 3/3
  1588 | D:3      | HP: 1/41 [orc priest/divine providence (10)]
  1905 | D:3      | Reached skill level 5 in Fighting
  1906 | D:3      | Reached skill level 5 in Axes
  1911 | D:3      | Killed Robin
  1911 | D:3      | Reached XP level 5. HP: 45/48 MP: 4/4
  2849 | D:4      | Found Ohoel's General Store.
  2866 | D:4      | Bought a scroll of identify for 24 gold pieces
  2866 | D:4      | Bought a potion of flight for 36 gold pieces
  2940 | D:4      | Reached skill level 6 in Axes
  2940 | D:4      | Reached XP level 6. HP: 43/57 MP: 5/5
  3161 | D:5      | Entered Level 5 of the Dungeon
  3435 | D:5      | Reached skill level 7 in Axes
  3465 | D:5      | Reached XP level 7. HP: 47/64 MP: 6/6
  3733 | D:6      | Found a glowing golden altar of the Shining One.
  3941 | D:6      | Noticed Prince Ribbit
  3958 | D:6      | Killed Prince Ribbit
  3958 | D:6      | Reached skill level 8 in Axes
  3958 | D:6      | Reached skill level 5 in Armour
  4255 | D:6      | Noticed Edmund
  4265 | D:6      | Reached XP level 8. HP: 73/73 MP: 7/7
  4272 | D:6      | Killed Edmund
  4272 | D:6      | Reached skill level 9 in Axes
  4276 | D:6      | Found a bloodstained altar of Trog.
  4277 | D:6      | Found an iron altar of Okawaru.
  4423 | D:6      | Found a burning altar of Makhleb.
  4429 | D:6      | Found a shimmering altar of Xom.
  4438 | D:6      | Became a worshipper of Makhleb the Destroyer
  4535 | D:6      | Found a staircase to the Ecumenical Temple.
  4645 | D:7      | Noticed Duvessa
  4646 | D:7      | Noticed Dowan
  4657 | D:7      | Killed Dowan
  4664 | D:7      | Killed Duvessa
  4664 | D:7      | Reached skill level 10 in Axes
  4725 | D:7      | Reached * piety under Makhleb
  4762 | D:7      | Found a flagged portal.
  4965 | Bailey   | Entered a bailey
  4966 | Bailey   | Noticed JaminCrawler's ghost (novice MiBe)
  5000 | Bailey   | Killed JaminCrawler's ghost
  5000 | Bailey   | Reached skill level 11 in Axes
  5000 | Bailey   | Reached XP level 9. HP: 27/82 MP: 8/8
  5365 | Bailey   | Noticed an orc knight
  5410 | Bailey   | Killed an orc knight
  5576 | D:7      | Noticed Joseph
  5585 | D:7      | Killed Joseph
  5585 | D:7      | Reached ** piety under Makhleb
  5585 | D:7      | Reached skill level 12 in Axes
  5895 | D:7      | Found a deep blue altar of Sif Muna.
  5918 | D:7      | Got a pair of fine boots
  5924 | D:7      | Identified the +1 pair of boots "Zusea" {rPois rF+ rCorr} (You found it on level 7 of the Dungeon)
  5927 | D:7      | Found a hide-covered altar of Uskayaw.
  6087 | D:8      | Reached XP level 10. HP: 90/93 MP: 9/9
  6258 | D:8      | Identified a scroll of acquirement
  6259 | D:8      | Got a polished buckler
  6270 | D:8      | Identified the +0 buckler of Gravity {rF+ Regen+} (You acquired it on level 8 of the Dungeon)
  6293 | D:8      | Reached skill level 10 in Fighting
  6358 | D:8      | Found a basalt altar of Yredelemnul.
  6747 | D:9      | Reached *** piety under Makhleb
  6812 | D:9      | Reached skill level 13 in Axes
  6946 | D:9      | Found a staircase to the Lair.
  6977 | D:9      | Found Ismerph's Magic Scroll Boutique.
  6980 | D:9      | Bought a scroll of blinking for 82 gold pieces
  6980 | D:9      | Bought a scroll of magic mapping for 38 gold pieces
  6980 | D:9      | Bought a scroll of identify for 22 gold pieces
  6981 | D:9      | Bought a scroll of identify for 22 gold pieces
  6988 | D:9      | Found Taet's Assorted Antiques.
  7108 | D:9      | Found Rivorph's General Store.
  7155 | D:9      | Found Teec's Book Shoppe.
  7171 | D:9      | Found a shadowy altar of Dithmenos.
  7171 | D:9      | Found a stormy altar of Qazlal.
  7376 | D:9      | Bought a pair of embroidered gloves for 262 gold pieces
  7569 | D:10     | Entered Level 10 of the Dungeon
  7580 | D:10     | Reached **** piety under Makhleb
  7589 | D:10     | Noticed a hill giant
  7596 | D:10     | Killed a hill giant
  7596 | D:10     | Reached skill level 14 in Axes
  7740 | D:10     | Noticed Fannar
  7747 | D:10     | Reached XP level 11. HP: 102/102 MP: 10/10
  7750 | D:10     | Reached skill level 10 in Armour
  7786 | D:10     | Killed Fannar
  8020 | D:10     | Noticed Nergalle
  8031 | D:10     | Killed Nergalle
  8354 | D:10     | Found a staircase to the Orcish Mines.
  8401 | D:10     | Noticed a hill giant
  8408 | D:10     | Killed a hill giant
  8408 | D:10     | Reached skill level 15 in Axes
  8425 | D:11     | Reached ***** piety under Makhleb
  8728 | D:11     | Noticed a hill giant
  8736 | D:11     | Killed a hill giant
  9077 | D:11     | Noticed Urug
  9088 | D:11     | Killed Urug
  9228 | D:12     | Reached skill level 16 in Axes
  9232 | D:12     | Reached XP level 12. HP: 109/113 MP: 9/11
  9832 | D:12     | Noticed a death knight
  9859 | D:12     | Killed a death knight
 10072 | D:13     | Reached ****** piety under Makhleb
 10167 | D:13     | Reached skill level 17 in Axes
 10288 | D:13     | Found Coixtuca's Book Shop.
 10789 | D:14     | Found a gate to the Vaults.
 10789 | D:14     | Noticed a vault guard
 10789 | D:14     | Noticed a vault guard
 10789 | D:14     | Noticed a vault guard
 10790 | D:14     | Noticed a vault guard
 10802 | D:14     | Killed a vault guard
 10802 | D:14     | Reached XP level 13. HP: 98/122 MP: 7/12
 10816 | D:14     | Reached skill level 18 in Axes
 10978 | D:14     | Noticed Agnes
 10997 | D:14     | Noticed Snorg
 11010 | D:14     | Mangled by Snorg

Vault maps used:
D:1:      noname_arrival_rooms_in_the_neighbourhood
D:2:      ecumenical_altar_1, kennysheep_generic_room_4
D:3:      lemuel_upstairs_altar, grunt_ministairs_6, kennysheep_generic_room_10,
          uniq_robin
D:4:      serial_shops, nicolae_shop_trees, first_bread, minivault_4,
          kennysheep_flooded_box
D:5:      minmay_misc_feat_five
D:6:      grunt_temple_overflow_champion_of_chaos, grunt_temple_overflow_open,
          nicolae_sextant, uniq_edmund, uniq_prince_ribbit1
D:7:      enter_bailey_3, basic_altar, the_bakery, lemuel_blue_sif_altar,
          uniq_joseph, uniq_duvessa
D:8:      yredelemnul_forgotten_temple_becter, item_on_display_a
D:9:      gammafunk_temple_overflow_elements, lair_0_dummy, special_room,
          serial_shops, kennysheep_mini_moat, nicolae_shop_crystal, shop, shop
D:10:     david_orc_4, uniq_nergalle, uniq_fannar
D:11:     kennysheep_generic_room_13, uniq_urug
D:12:     corexii_corridor_pit, minmay_door_square
D:13:     serial_shops, shop_fountains, minmay_misc_feat_rugged
D:14:     lightli_vaults_fourway_checkpoint, infiniplex_staircase_split_hallway,
          uniq_snorg, uniq_josephine, uniq_agnes
Bailey:   bailey_axe_2, bailey

Skill      XL: |  1  2  3  4  5  6  7  8  9 10 11 12 13 |
---------------+----------------------------------------+-----
Fighting       | 4 5 6 7 8 9 11 12 13 | 13.9
Axes           | 3 4 5 6 7 8 11 12 14 16 17 18 | 18.3
Armour         | 4 5 7 8 9 11 12 13 | 13.0
Shields        | |  3.6

Action                   |  1- 3 |  4- 6 |  7- 9 | 10-12 | 13-15 || total
-------------------------+-------+-------+-------+-------+-------++-------
Melee: War axe           |   112 |   148 |   244 |   712 |    71 ||  1287
       Headbutt          |    14 |    18 |    51 |   163 |    17 ||   263
Evoke: Wand              |       |       |       |       |     3 ||     3
  Use: Scroll            |       |    13 |     1 |     7 |     2 ||    23
       Potion            |       |       |     7 |     2 |     2 ||    11
  Eat: Chunk             |     2 |     6 |     6 |    13 |       ||    27
       Royal jelly       |       |       |     1 |     3 |       ||     4
       Beef jerky        |       |       |       |     1 |       ||     1
       Fruit             |       |       |       |     2 |       ||     2
Armor: Scale mail        |    61 |    67 |       |       |       ||   128
       Plate armour      |       |    20 |   141 |   419 |    34 ||   614
Dodge: Dodged            |    33 |    56 |    66 |   208 |    25 ||   388
Block: Shield            |    60 |   107 |   119 |     8 |       ||   294
       Buckler           |       |       |       |   121 |    15 ||   136
